 Seeded DCSS version 0.30.1-9-gdf580d7c3d (webtiles) character file.

Game seed: 6351066067085065685 (custom seed)

349180 Esekla the Sorcerer (level 21, -7/127 HPs)
             Began as a Deep Elf Wanderer on Sept 24, 2023.
             Was the Champion of Vehumet.
             Mangled by a vampire knight
             ... wielding a +0 great mace
              (11 damage)
             ... while paralysed by a vampire knight
             ... on level 3 of the Crypt on Sept 25, 2023.
             The game lasted 07:00:41 (41417 turns).

Esekla the Sorcerer (Deep Elf Wanderer)            Turns: 41417, Time: 07:00:41

Health: -7/127     AC: 23    Str:  9    XL:     21   Next: 25%
Magic:  47/53      EV:  2    Int: 36    God:    Vehumet [******]
Gold:   2802       SH:  0    Dex: 11    Spells: 7/73 levels left

rFire   + . .        a - +9 scimitar (protect)
rCold   . . .        P - +0 buckler
rNeg    + . .        Z - +1 ring mail "Uronn" {rF+ Regen+ Int+3}
rPois   +            Y - +2 helmet {Int+3}
rElec   +            x - +2 cloak {Stlth+}
rCorr   .            k - +0 pair of gloves
SInv    .            p - +2 pair of boots {rampage}
Will    +....        B - amulet of magic regeneration
Stlth   +++          c - ring of Greed {rElec rPois rN+ AC+4 Str-2}
HPRegen 1.21/turn    Q - ring of the Mage {Wiz Archmagi}
MPRegen 0.73/turn

%: rampage, wizardry (x1), archmagi
@: paralysed, weak-willed, marked, wereblooded
A: no striking features
}: 2/15 runes: barnacled, gossamer
a: Renounce Religion


You were on level 3 of the Crypt.
You worshipped Vehumet.
Vehumet was exalted by your worship.
You visited 7 branches of the dungeon, and saw 36 of its levels.
You visited 1 bazaar.
You also visited: Trove and Bailey.

You collected 6580 gold pieces.
You spent 3778 gold pieces at shops.

Inventory:

Hand Weapons
 a - a +9 scimitar of protection (weapon)
 e - a +3 demon blade of electrocution
 f - a +5 scimitar of flaming
 r - a +4 trident of venom
 s - the +8 Vampire's Tooth {megavamp}
   (You bought it in a shop in a bazaar)
Missiles
 l - 7 curare-tipped darts
 m - 8 silver javelins
 y - 91 poisoned darts
 K - 26 boomerangs (quivered)
Armour
 k - a +0 pair of gloves (worn)
 p - a +2 pair of boots of rampaging (worn)
 x - a +2 cloak of stealth (worn)
 L - the +1 animal skin "Kougi" {rPois rF++ MP+9}
   (You found it on level 2 of the Shoals)

   rF:        It greatly protects you from fire.
   rPois:     It protects you from poison.
   MP:        It affects your magic capacity (+9).
 P - a +0 buckler (worn)
 Y - a +2 helmet of intelligence (worn)
 Z - the +1 ring mail "Uronn" (worn) {rF+ Regen+ Int+3}
   (You found it on level 4 of the Shoals)

   Int:       It affects your intelligence (+3).
   rF:        It protects you from fire.
   Regen:     It increases your rate of health regeneration.
Jewellery
 c - the ring of Greed (left hand) {rElec rPois rN+ AC+4 Str-2}
   (You bought it in a shop on level 2 of the Dungeon)

   [ring of protection]

   AC:        It affects your AC (+4).
   Str:       It affects your strength (-2).
   rElec:     It insulates you from electricity.
   rPois:     It protects you from poison.
   rN:        It protects you from negative energy.
 g - the ring "Pileq" {Ice Str+4 Dex+3 Slay+2}
   (You found it on level 4 of the Shoals)

   [ring of ice]

   It enhances your ice magic.
   Str:       It affects your strength (+4).
   Dex:       It affects your dexterity (+3).
   Slay:      It affects your accuracy & damage with ranged weapons and melee
   (+2).
   rF:        It makes you vulnerable to fire.
   rC:        It protects you from cold.
 v - the ring of Akemeir {Fire Str+4}
   (You found it in a treasure trove)

   [ring of fire]

   It enhances your fire magic.
   Str:       It affects your strength (+4).
   rF:        It protects you from fire.
   rC:        It makes you vulnerable to cold.
 B - an amulet of magic regeneration (around neck)
 M - a ring of see invisible
 Q - the ring of the Mage (right hand) {Wiz Archmagi}
   (You bought it in a shop on level 2 of the Dungeon)

   [ring of wizardry]

   It improves your spell success rate.
   Archmagi:  It increases the power of your magical spells.
 R - an amulet of reflection
 U - the ring of Descent {rPois rC+ Int+5 Stlth-}
   (You found it in a treasure trove)

   [ring of protection from cold]

   Int:       It affects your intelligence (+5).
   rC:        It protects you from cold.
   rPois:     It protects you from poison.
   Stlth:     It makes you less stealthy.
Wands
 i - a wand of roots (36)
 D - a wand of flame (47)
 G - a wand of mindburst (9)
 O - a wand of digging (23)
 V - a wand of quicksilver (26)
Scrolls
 d - 8 scrolls of identify
 q - 7 scrolls of blinking
 t - 6 scrolls of fog
 A - 4 scrolls of magic mapping
 C - 5 scrolls of fear
 E - 3 scrolls of silence
 F - 5 scrolls of poison
 H - 8 scrolls of teleportation
 J - 2 scrolls of amnesia
Potions
 b - 9 potions of lignification
 h - 4 potions of heal wounds
 j - 7 potions of curing
 n - a potion of invisibility
 o - 7 potions of ambrosia
 u - 10 potions of haste
 w - 7 potions of brilliance
 I - 4 potions of cancellation
 N - 4 potions of magic
 S - 6 potions of flight
 T - 3 potions of might
 W - 3 potions of resistance
 X - 11 potions of attraction
Miscellaneous
 z - a lightning rod (4/4)


   Skills:
 - Level 12.0 Fighting
 + Level 9.2(10.2) Short Blades
 + Level 6.0(8.1) Long Blades
 + Level 1.1 Throwing
 + Level 8.1 Armour
 * Level 15.5 Dodging
 + Level 4.4 Stealth
 + Level 4.7 Shields
 * Level 26.7 Spellcasting
 + Level 9.7 Conjurations
 + Level 3.2 Hexes
 + Level 13.3 Necromancy
 + Level 5.1 Translocations
 + Level 8.8 Transmutations
 + Level 8.7 Fire Magic
 + Level 8.0 Ice Magic
 * Level 9.2 Air Magic
 * Level 12.0 Earth Magic
 - Level 8.3 Poison Magic
 + Level 1.0 Invocations
 + Level 0.1 Evocations


You had 7 spell levels left.
You knew the following spells:

 Your Spells              Type           Power      Damage    Failure   Level
b - Blink                 Tloc           100%       N/A       1%          2
c - Mephitic Cloud        Conj/Pois/Air  100%       N/A       1%          3
d - Vampiric Draining     Necr           100%       2d13      0%          3
e - Lee's Rapid Deconstr  Erth           58%        3d27*     1%          5
f - Fireball              Conj/Fire      53%        3d21      1%          5
i - Irradiate             Conj/Tmut      53%        3d29      1%          5
m - Maxwell's Capacitive  Air            53%        ∞         22%         8
n - Ignite Poison         Fire/Tmut/Pois 100%       N/A       1%          3
o - Orb of Destruction    Conj           54%        9d14      2%          7
p - Apportation           Tloc           100%       N/A       1%          1
t - Teleport Other        Tloc           91%        N/A       1%          3
u - Dispel Undead         Necr           100%       3d31      1%          4
v - Poisonous Vapours     Pois/Air       100%       N/A       1%          2
w - Wereblood             Tmut           100%       N/A       1%          2
x - Olgreb's Toxic Radia  Pois           100%       N/A       1%          4
y - Sticky Flame          Conj/Fire      100%       2d11      1%          4
z - Freezing Cloud        Conj/Ice/Air   53%        6-21      1%          5

Your spell library contained the following spells:

 Spells                   Type           Power      Damage    Failure   Level
 Shatter                  Erth           58%        3d43*     63%         9
 Fire Storm               Conj/Fire      53%        8d14      92%         9
 Polar Vortex             Ice            51%        N/A       98%         9
 Sublimation of Blood     Necr           100%       N/A       0%          2
 Foxfire                  Conj/Fire      100%       2x1d9     1%          1
 Magic Dart               Conj           100%       1d8       1%          1
 Shock                    Conj/Air       100%       1d9       1%          1
 Call Imp                 Summ           100%       N/A       1%          2
 Cigotuvi's Dreadful Rot  Necr/Pois/Air  100%       N/A       1%          2
 Lesser Beckoning         Tloc           100%       N/A       1%          2
 Momentum Strike          Conj/Tloc      100%       3d10      1%          2
 Dazzling Flash           Conj/Hex       100%       N/A       1%          3
 Gell's Gravitas          Tloc           91%        N/A       1%          3
 Hailstorm                Conj/Ice       100%       3d20      1%          3
 Inner Flame              Hex/Fire       95%        N/A       1%          3
 Portal Projectile        Hex/Tloc       100%       N/A       1%          3
 Spider Form              Tmut/Pois      100%       N/A       1%          3
 Swiftness                Air            100%       N/A       1%          3
 Tukima's Dance           Hex            82%        N/A       1%          3
 Vhi's Electric Charge    Tloc/Air       100%       N/A       1%          3
 Airstrike                Air            53%        2d(8-24)  1%          4
 Anguish                  Hex/Necr       52%        N/A       1%          4
 Cause Fear               Hex            41%        N/A       1%          4
 Flame Wave               Conj/Fire      100%       2d21      1%          4
 Fulminant Prism          Conj/Hex       48%        3d21      1%          4
 Manifold Assault         Tloc           91%        N/A       1%          4
 Passage of Golubria      Tloc           91%        N/A       1%          4
 Petrify                  Tmut/Erth      100%       N/A       1%          4
 Summon Ice Beast         Ice/Summ       86%        N/A       1%          4
 Arcjolt                  Conj/Air       54%        1d64      1%          5
 Metabolic Englaciation   Hex/Ice        46%        N/A       1%          5
 Silence                  Hex/Air        48%        N/A       1%          5
 Yara's Violent Unravell  Hex/Tmut       47%        3d18      1%          5
 Conjure Ball Lightning   Conj/Air       54%        3x3d20    1%          6
 Death Channel            Necr           60%        N/A       1%          6
 Plasma Beam              Fire/Air       53%        2x1d74    1%          6
 Starburst                Conj/Fire      53%        6d14      1%          6
 Statue Form              Tmut/Erth      74%        N/A       1%          6
 Summon Mana Viper        Hex/Summ       74%        N/A       9%          5
 Dispersal                Tloc           45%        N/A       11%         6
 Dragon Form              Tmut           53%        N/A       13%         7
 Enfeeble                 Hex            41%        N/A       75%         7
 Summon Hydra             Summ           32%        N/A       99%         7
 Lehudib's Crystal Spear  Conj/Erth      56%        10d13     12%         8
 Ignition                 Fire           52%        3d15      26%         8
 Chain Lightning          Conj/Air       54%        3d72      90%         9
 Disjunction              Tloc           45%        N/A       98%         8
 Discord                  Hex            41%        N/A       100%        8
 Dragon's Call            Summ           32%        N/A       100%        9


Dungeon Overview and Level Annotations

Branches:
Dungeon (14/15)            Temple (0/1) D:6            Lair (5/5) D:11
 Shoals (4/4) Lair:2       Spider (4/4) Lair:3        Slime (0/5) Lair:5
    Orc (2/2) D:10            Elf (0/3) Orc:2        Vaults (4/5) D:13
  Crypt (3/3) Vaults:2       Tomb (0/3) Crypt:3      Bailey (visited)

Altars:
Dithmenos
Fedhas
Hepliaklqana
Nemelex Xobeh
Okawaru
Qazlal
Ru
Trog
Uskayaw
Vehumet
Zin
The Shining One
Jiyva

Shops:
D:2 =   D:4 (   D:11 *   Orc:2 **[:   Shoals:2 (   Shoals:3 !   Vaults:1 [
Vaults:4 ?

Portals:
Pandemonium: Orc:2

Annotations:
D:9 earth elemental
Crypt:2 3 runed translucent doors, Hynnuzim's ghost, veteran CeHu; Nexecaru's ghost, veteran MiGl; Ulecsuczon's ghost, veteran MiGl


Message History

You destroy the phantasmal warrior!
Vehumet accepts your kill.
You feel your power returning.
You howl as the wereblood boils in your veins!
Casting: Dispel Undead (safe; 1% risk of failure)
Confirm with . or Enter, or press ? or * to list all spells.
Aiming: Sticky Flame (safe; 1% risk of failure)
Press: ? - help, Shift-Dir - straight line, f - vampire knight
Aim: a vampire knight, wielding a +0 great mace and wearing a +0 chain mail You feel a surge of power!
The sticky flame hits the vampire knight.
The vampire knight is lightly damaged.
The vampire knight is covered in liquid flames!
You howl as the wereblood boils in your veins!
The vampire knight burns!
Casting: Sticky Flame (safe; 1% risk of failure)
Confirm with . or Enter, or press ? or * to list all spells.
Aiming: Dispel Undead (safe; 1% risk of failure)
Press: ? - help, Shift-Dir - straight line, f/p - vampire knight
Aim: a vampire knight, wielding a +0 great mace and wearing a +0 chain mail (lightly damaged, covered in liquid flames, 100% to hit)
You feel a surge of power!
The vampire knight is dispelled!!!
The vampire knight burns!
The vampire knight casts a spell at you.
You suddenly lose the ability to move!
The phantasmal warrior gestures at you.
The phantasmal warrior blinks!
The vampire knight burns!
The vampire knight draws life force from you!
The vampire knight is healed by the life force!
The vampire knight burns!
The vampire knight hits you with a +0 great mace!!
* * * LOW HITPOINT WARNING * * *
The vampire knight bites you!
* * * LOW HITPOINT WARNING * * *
The vampire knight draws strength from your injuries!
The phantasmal warrior hits you!
* * * LOW HITPOINT WARNING * * *
The vampire knight burns!
The vampire knight stops burning.
The vampire knight hits you with a +0 great mace!
You die...

#...# ........... #....##.#.
##..## ....§.....##..#.##.#.
#^..###.V.....###...#z##.#. .
###...##'''''##.....#.##.#. #
##..).)........##...##.#. #
#.....###########...#.#. #
#....## #...#.#. #
#.^..#######..####z####. #
####.zV@W.....#.......#.
########### #########..#.#####.#.
..).......# ###.#...#)#.
..#######.############...#.>.#...
......................)#.#...#.#)
....#####.##############.##'##.#.
#...#.# #.#### #...#.......#.
..###.###....#######...####.####.
.................(....)..........


You could see a vampire knight, an ancient champion and a phantasmal warrior.

Vanquished Creatures
  Mara (Spider:4)
  Mennas (Vaults:3)
  A curse toe (Crypt:3)
  A golden dragon (Vaults:4)
  A bone dragon (Crypt:3)
  Rupert (Lair:4)
  A quicksilver dragon (Vaults:4)
  5 ancient champions
  2 krakens
  5 sphinxes
  Ilsuiw (Shoals:3)
  A shadow dragon (Vaults:4)
  2 storm dragons (D:14)
  3 iron dragons (Vaults:4)
  8 emperor scorpions
  2 frost giants (Vaults:4)
  2 ghouls
  3 curse skulls
  4 ghost moths
  12 vault wardens
  3 orc warlords
  11 very ugly things
  13 ironbound thunderhulks
  9 ironbound preservers
  2 reapers
  4 war gargoyles (Vaults:2)
  A broodmother (Spider:3)
  6 vampire knights
  Azrael (Orc:2)
  7 dire elephants
  A minotaur (Shoals:4)
  A spark wasp (Spider:3)
  5 eidola
  A crystal guardian (Vaults:4)
  5 entropy weavers
  3 merfolk javelineers (Shoals:3)
  4 merfolk impalers
  4 fire dragons
  2 deep elf death magi
  An ettin (Vaults:4)
  7 great orbs of eyes
  2 deep elf high priests
  7 yaktaur captains
  3 jiangshi (Crypt:3)
  4 hydras
  3 peacekeepers
  Harold (D:9)
  11 vault guards
  15 ironbound frosthearts
  4 merfolk aquamancers
  2 death knights (Crypt:1)
  3 radroaches
  16 satyrs
  10 centaur warriors
  2 catoblepae
  3 jorogumos
  An alligator snapping turtle (Shoals:3)
  4 merfolk avatars
  10 boulder beetles
  4 two-headed ogres
  4 vampire magi
  A titan zombie (Crypt:2)
  3 orc high priests (Orc:2)
  A soul eater (Crypt:1)
  2 pharaoh ants
  A shadow wraith (Crypt:2)
  20 skeletal warriors
  A sun moth (Spider:1)
  Lodul (D:11)
  2 flayed ghosts
  12 sea snakes
  26 deep trolls
  4 skysharks
  10 orb spiders
  2 glowing orange brains
  A golden dragon skeleton (Crypt:1)
  4 bog bodies
  Pikel (D:6)
  An iron giant skeleton (Crypt:3)
  A swamp dragon (Lair:5)
  An anaconda skeleton (Crypt:2)
  17 ironbound convokers
  6 lindwurms
  3 steelbarb worms
  28 harpies
  A bunyip skeleton (Crypt:2)
  7 phantasmal warriors
  A tengu zombie (Vaults:4)
  An oklob plant (Lair:5)
  8 wizards
  A deep elf archer (D:14)
  8 deep elf pyromancers
  A wolf spider zombie (Crypt:1)
  10 necromancers
  23 ugly things
  8 wolf spiders
  A moth of wrath (shapeshifter) (Vaults:4)
  A tengu skeleton (Vaults:4)
  11 orc knights
  19 cyclopes
  9 orc sorcerers (Orc:2)
  3 moths of wrath
  Joseph (D:7)
  9 elephants (Lair:5)
  A stone giant zombie (Vaults:4)
  26 manticores
  24 fauns
  6 merfolk sirens
  2 black mambas
  2 human skeletons (Vaults:4)
  7 water nymphs
  7 torpor snails
  A smoke demon (Orc:2)
  25 vault sentinels
  2 gargoyles
  3 demonic crawlers
  11 cane toads
  A centaur skeleton (Crypt:2)
  A red draconian zombie (Crypt:3)
  Psyche (D:11)
  A grey draconian zombie (Crypt:3)
  3 rime drakes
  16 komodo dragons
  37 yaktaurs
  An unseen horror (D:13)
  6 freezing wraiths
  4 human zombies (Vaults:4)
  A komodo dragon (shapeshifter) (D:14)
  4 kobold demonologists
  A catoblepas zombie (Crypt:2)
  4 tengu conjurers
  An alligator snapping turtle skeleton (Crypt:2)
  An efreet (D:14)
  28 merfolk
  A red devil (Orc:2)
  4 guardian mummies (Crypt:3)
  A harpy zombie (Crypt:1)
  3 tyrant leeches (Lair:5)
  A meliai (D:14)
  A white draconian skeleton (Crypt:3)
  A polar bear (D:11)
  10 trolls
  A death drake zombie (Crypt:2)
  9 tarantellas
  13 hornets
  3 wind drakes
  2 harpy skeletons (Crypt:1)
  5 blink frogs (Lair:1)
  26 slime creatures
  4 centaur simulacra (D:11)
  11 jumping spiders
  6 flying skulls
  8 snapping turtles
  12 spriggans (Lair:3)
  A vampire (D:13)
  33 yaks
  4 water elementals
  7 culicivoras
  10 wraiths
  5 basilisks
  A chaos spawn (Orc:2)
  A golden eye (shapeshifter) (D:13)
  3 steam dragons
  5 wyverns
  2 vampire mosquitoes
  3 fire elementals (Orc:2)
  28 redbacks
  A wind drake skeleton (Crypt:3)
  Menkaure (D:7)
  3 wargs
  3 acid dragons
  An entropy weaver zombie (Crypt:3)
  6 ice beasts
  14 water moccasins
  4 hell hounds (Orc:2)
  A naga skeleton (Crypt:3)
  2 swamp drakes (Lair:5)
  A sky beast (D:6)
  A meliai simulacrum (D:14)
  43 orc warriors
  2 black bears
  A merfolk simulacrum (Crypt:1)
  18 ogres
  An elephant zombie (Crypt:1)
  9 centaurs
  3 boggarts (Lair:3)
  12 wolves
  A lindwurm skeleton (Crypt:3)
  A phantom (D:7)
  Blork the orc (D:6)
  6 kobold brigands
  A draconian zombie (Crypt:2)
  4 gnoll sergeants
  10 bullfrogs
  3 scorpions
  3 necrophages (Crypt:1)
  10 wights
  A wyvern skeleton (Crypt:3)
  A yak zombie (Crypt:2)
  21 killer bees
  A polar bear skeleton (Crypt:2)
  2 howler monkeys (D:10)
  An electric eel (D:11)
  2 quasits
  3 gnoll boudas
  6 hounds
  A jelly (D:6)
  Crazy Yiuf (D:7)
  32 orc priests
  A sleepcap (D:5)
  7 iguanas
  12 hell rats
  14 orc wizards
  An acid dragon zombie (Crypt:1)
  2 ogre skeletons
  33 gnolls
  9 adders
  3 shadow imps (D:8)
  9 white imps
  4 ufetubi
  An iguana skeleton (Crypt:1)
  A worm (D:4)
  2 dart slugs
  94 orcs
  6 ball pythons
  2 bat zombies
  4 endoplasms
  9 goblins
  7 hobgoblins
  A quokka (D:1)
  3 training dummies (Shoals:2)
  4 bats
  3 frilled lizards
  A jackal zombie (Crypt:3)
  24 kobolds
  A rat (D:2)
  A butterfly (Lair:4)
  2 tentacles (Shoals:3)
1482 creatures vanquished.

Vanquished Creatures (others)
  A spark wasp (Spider:1)
  A demonspawn (Orc:2)
  A yaktaur (Vaults:1)
  2 fulminant prisms
  2 tentacles (Shoals:3)
7 creatures vanquished.

Grand Total: 1489 creatures vanquished

Notes
Turn   | Place    | Note
-------+----------+-------------------------------------------
     0 | D:1      | Esekla the Deep Elf Wanderer began the quest for the Orb.
     0 | D:1      | Esekla set off with the following items: a +0 club, a
                  | potion of lignification, a +0 robe, a +0 buckler; and the
                  | following spells available to memorise: Apportation, Blink,
                  | Lesser Beckoning, Magic Dart, Ignite Poison, Vampiric
                  | Draining.
     0 | D:1      | Reached XP level 1. HP: 10/10 MP: 7/7
     2 | D:1      | Learned a level 1 spell: Magic Dart
     4 | D:1      | Learned a level 1 spell: Apportation
   242 | D:2      | Found Renulab's Jewellery Shop.
   441 | D:4      | Found a radiant altar of Vehumet.
   452 | D:4      | Found an iron altar of Okawaru.
   463 | D:4      | Found a glowing silver altar of Zin.
   548 | D:4      | Became a worshipper of Vehumet
   691 | D:3      | Reached XP level 2. HP: 15/15 MP: 9/9
   695 | D:3      | Learned a level 2 spell: Blink
   794 | D:3      | Reached skill level 5 in Spellcasting
   906 | D:3      | Identified the +5 rapier of the Hero {heavy, rN+ Dex+3}
                  | (You found it on level 3 of the Dungeon)
  1070 | D:1      | Reached XP level 3. HP: 19/19 MP: 10/12
  1074 | D:1      | Learned a level 3 spell: Vampiric Draining
  1099 | D:1      | Reached * piety under Vehumet
  1099 | D:1      | Offered knowledge of Foxfire by Vehumet.
  1250 | D:1      | Reached skill level 1 in Dodging
  1279 | D:1      | Learned a level 3 spell: Teleport Other
  1491 | D:2      | Reached skill level 6 in Spellcasting
  1503 | D:2      | Reached XP level 4. HP: 18/24 MP: 11/14
  1574 | D:2      | Reached skill level 1 in Necromancy
  1604 | D:2      | Found a faded altar of an unknown god.
  1686 | D:2      | Noticed a black bear
  1864 | D:2      | Reached skill level 1 in Short Blades
  1990 | D:3      | Found a stormy altar of Qazlal.
  2007 | D:3      | Reached XP level 5. HP: 26/28 MP: 10/16
  2051 | D:3      | Found a bloodstained altar of Trog.
  2054 | D:3      | Found a hazy altar of Hepliaklqana.
  2429 | D:4      | Found a glowing golden altar of the Shining One.
  2724 | D:4      | Found Ponaysk's Antique Weapon Boutique.
  2883 | D:5      | Entered Level 5 of the Dungeon
  2886 | D:5      | Got the Parchment of the Lumpy Olives
  2906 | D:5      | Found a shadowy altar of Dithmenos.
  2989 | D:5      | Reached skill level 7 in Spellcasting
  3019 | D:5      | Reached XP level 6. HP: 30/32 MP: 18/18
  3157 | D:6      | Noticed an ice beast
  3217 | D:3      | Reached ** piety under Vehumet
  3236 | D:4      | Offered knowledge of Poisonous Vapours by Vehumet.
  3245 | D:4      | Learned a level 2 spell: Poisonous Vapours
  3249 | D:4      | Learned a level 3 spell: Ignite Poison
  3487 | D:5      | Reached XP level 7. HP: 22/36 MP: 13/20
  3490 | D:5      | Reached skill level 1 in Poison Magic
  3609 | D:5      | Reached skill level 1 in Fire Magic
  3745 | D:5      | Reached skill level 1 in Air Magic
  3873 | D:6      | Reached skill level 8 in Spellcasting
  3873 | D:6      | Reached skill level 1 in Transmutations
  4062 | D:6      | Noticed Pikel
  4076 | D:7      | Found a runed translucent door.
  4077 | D:7      | Noticed Crazy Yiuf
  4084 | D:7      | Killed Crazy Yiuf
  4128 | D:7      | Noticed a wyvern
  4133 | D:7      | Killed a wyvern
  4134 | D:7      | Reached XP level 8. HP: 38/41 MP: 15/22
  4160 | D:7      | Offered knowledge of Momentum Strike by Vehumet.
  4198 | D:7      | Noticed Menkaure
  4202 | D:7      | Killed Menkaure
  4250 | D:7      | Reached skill level 9 in Spellcasting
  4283 | D:7      | Noticed Joseph
  4372 | D:7      | Reached *** piety under Vehumet
  4443 | D:8      | Reached skill level 5 in Necromancy
  4700 | D:7      | Offered knowledge of Fulminant Prism by Vehumet.
  5193 | D:7      | Reached XP level 9. HP: 45/45 MP: 24/24
  5230 | D:7      | Reached skill level 10 in Spellcasting
  5292 | D:8      | Reached **** piety under Vehumet
  5298 | D:8      | Learned a level 4 spell: Fulminant Prism
  5303 | D:8      | Found a hide-covered altar of Uskayaw.
  5618 | D:8      | Offered knowledge of Dazzling Flash by Vehumet.
  5627 | D:7      | Learned a level 3 spell: Dazzling Flash
  5672 | D:8      | Reached skill level 1 in Hexes
  5939 | D:8      | Noticed a two-headed ogre
  6088 | D:6      | Killed Pikel
  6089 | D:6      | Reached skill level 1 in Long Blades
  6198 | D:6      | Noticed Blork the orc
  6248 | D:6      | Reached skill level 11 in Spellcasting
  6264 | D:6      | Found a staircase to the Ecumenical Temple.
  6410 | D:6      | Killed Blork the orc
  6582 | D:6      | Found a blossoming altar of Fedhas.
  6821 | D:7      | Killed Joseph
  6822 | D:7      | Reached skill level 5 in Dodging
  6927 | D:8      | Killed a two-headed ogre
  6928 | D:8      | Reached XP level 10. HP: 50/50 MP: 24/27
  7002 | D:8      | Found a transporter.
  7002 | D:8      | Found a transporter.
  7003 | D:8      | Found a transporter.
  7027 | D:8      | Found a transporter.
  7326 | D:9      | Found a flagged portal.
  7359 | Bailey   | Entered a bailey
  7492 | Bailey   | Identified the +2 bardiche of Puhoisos {heavy, rElec
                  | Stlth+}
  7546 | Bailey   | Reached skill level 5 in Fire Magic
  7590 | Bailey   | Reached ***** piety under Vehumet
  7664 | Bailey   | Noticed an orc knight
  7664 | Bailey   | Noticed an orc knight
  7697 | Bailey   | Offered knowledge of Flame Wave by Vehumet.
  7698 | Bailey   | Reached skill level 12 in Spellcasting
  7700 | Bailey   | Killed an orc knight
  7706 | Bailey   | Learned a level 4 spell: Flame Wave
  7754 | Bailey   | Killed an orc knight
  7873 | D:9      | Reached skill level 1 in Conjurations
  8012 | D:9      | Found a sparkling altar of Nemelex Xobeh.
  8062 | D:9      | Noticed a two-headed ogre
  8067 | D:9      | Killed a two-headed ogre
  8068 | D:9      | Reached skill level 1 in Fighting
  8068 | D:9      | Reached skill level 13 in Spellcasting
  8214 | D:9      | Noticed a cyclops
  8217 | D:9      | Killed a cyclops
  8273 | D:9      | Reached XP level 11. HP: 56/56 MP: 30/30
  8392 | D:10     | Entered Level 10 of the Dungeon
  8425 | D:10     | Found a staircase to the Orcish Mines.
  8442 | Orc:1    | Entered Level 1 of the Orcish Mines
  8443 | Orc:1    | Noticed an orc knight
  8450 | Orc:1    | Killed an orc knight
  8451 | Orc:1    | Reached skill level 5 in Air Magic
  8888 | D:2      | Bought the ring of the Mage {Wiz Archmagi} for 714 gold
                  | pieces
  8888 | D:2      | Found the ring of the Mage {Wiz Archmagi}
  9188 | D:10     | Found a sacrificial altar of Ru.
  9494 | D:10     | Reached skill level 1 in Armour
  9808 | D:11     | Reached skill level 14 in Spellcasting
  9858 | D:11     | Offered knowledge of Olgreb's Toxic Radiance by Vehumet.
  9886 | D:10     | Learned a level 4 spell: Olgreb's Toxic Radiance
 10031 | D:11     | Noticed Lodul
 10300 | D:11     | Noticed Psyche
 10302 | D:11     | Reached skill level 5 in Conjurations
 10305 | D:11     | Noticed a two-headed ogre
 10308 | D:11     | Killed Psyche
 10310 | D:11     | Killed a two-headed ogre
 10311 | D:11     | Reached XP level 12. HP: 66/66 MP: 32/32
 10389 | D:11     | Got Simple Magic
 10428 | D:11     | Killed Lodul
 10435 | D:11     | Reached skill level 15 in Spellcasting
 10437 | D:11     | Found a staircase to the Lair.
 10463 | D:11     | Found Fagafuf's Pet Rocks.
 10827 | D:12     | Reached skill level 5 in Poison Magic
 10844 | D:12     | Found a portal to a secret trove of treasure.
 10888 | D:12     | Learned a level 3 spell: Mephitic Cloud
 10894 | D:12     | Learned a level 5 spell: Freezing Cloud
 11140 | D:12     | Learned a level 5 spell: Fireball
 11258 | D:12     | Learned a level 2 spell: Wereblood
 11312 | Trove    | Entered a treasure trove
 11321 | Trove    | Identified the ring of Akemeir {Fire Str+4}
 11330 | Trove    | Identified the ring of Descent {rPois rC+ Int+5 Stlth-}
 11340 | Trove    | Identified the +3 ring mail "Poady" {+Inv rF+ Dex+2 Slay-4}
 11496 | Lair:1   | Entered Level 1 of the Lair of Beasts
 11564 | Lair:1   | Reached skill level 5 in Fighting
 11752 | Lair:1   | Reached skill level 1 in Ice Magic
 12669 | Lair:2   | Reached skill level 5 in Transmutations
 13016 | D:2      | Bought the ring of Greed {rElec rPois rN+ AC+4 Str-2} for
                  | 758 gold pieces
 13585 | D:9      | Noticed Harold
 13591 | D:9      | Killed Harold
 13883 | Lair:2   | Reached XP level 13. HP: 73/73 MP: 22/34
 14010 | Lair:2   | Found a staircase to the Shoals.
 14052 | Lair:2   | Found a transporter.
 14052 | Lair:2   | Found a transporter.
 14438 | Lair:3   | Found a hole to the Spider Nest.
 14508 | Lair:3   | Reached skill level 16 in Spellcasting
 14779 | Lair:3   | Identified the +3 leather armour of Okawaru's Inspiration
                  | {Str+4}
 15144 | Lair:4   | Noticed Rupert
 15345 | Lair:4   | You fall into a shaft and drop 1 floor!
 15345 | Lair:5   | Entered Level 5 of the Lair of Beasts
 15358 | Lair:5   | Reached skill level 1 in Earth Magic
 15738 | Lair:4   | Killed Rupert
 15801 | Lair:4   | Learned a level 4 spell: Sticky Flame
 16231 | Lair:5   | Found a viscous altar of Jiyva.
 16231 | Lair:5   | Found a staircase to the Slime Pits.
 16250 | Lair:5   | Reached XP level 14. HP: 82/82 MP: 19/36
 16456 | Lair:5   | Found a runed translucent door.
 16923 | Lair:5   | Reached skill level 17 in Spellcasting
 17183 | Lair:5   | Got Utragud's Papyrus of the Inquisitive Olives
 17799 | Orc:2    | Entered Level 2 of the Orcish Mines
 17894 | Orc:2    | Reached skill level 5 in Short Blades
 17898 | Orc:2    | Paralysed by an orc sorcerer for 2 turns
 17901 | Orc:2    | Reached skill level 10 in Necromancy
 18224 | Orc:2    | Noticed an orc warlord
 18234 | Orc:2    | Killed an orc warlord
 18235 | Orc:2    | Reached skill level 5 in Ice Magic
 18275 | Orc:2    | Found a staircase to the Elven Halls.
 18326 | Orc:2    | Found Bamnuus's General Store.
 18413 | Orc:2    | Noticed Azrael
 18419 | Orc:2    | Killed Azrael
 18458 | Orc:2    | Found Roezostra's General Store.
 18473 | Orc:2    | Bought a scroll of identify for 34 gold pieces
 18533 | Orc:2    | Reached skill level 10 in Dodging
 18641 | Orc:2    | Reached skill level 18 in Spellcasting
 18650 | Orc:2    | Found Jyohez's Book Shop.
 18650 | Orc:2    | Found Huzal's Antique Armour Boutique.
 18651 | Orc:2    | Found a one-way gate leading to the halls of Pandemonium.
 18657 | Orc:2    | Bought a runed helmet for 270 gold pieces
 18745 | Orc:1    | Offered knowledge of Lee's Rapid Deconstruction by Vehumet.
 18765 | Orc:1    | Noticed an orc warlord
 18771 | Orc:1    | Killed an orc warlord
 18772 | Orc:1    | Reached XP level 15. HP: 88/88 MP: 32/39
 18782 | Orc:1    | Learned a level 5 spell: Lee's Rapid Deconstruction
 19069 | Spider:1 | Entered Level 1 of the Spider Nest
 19101 | Spider:1 | Identified the +1 pair of boots of Piysunuo {Str+3}
 19581 | Spider:1 | Reached skill level 5 in Armour
 19874 | Spider:1 | Acquired a +2 vampiric quick blade
 19875 | Spider:1 | Acquired Kano Duf's Handbook of the Vehement Brume
 19876 | Spider:1 | Acquired 860 gold pieces
 20007 | Spider:2 | Reached skill level 5 in Earth Magic
 20857 | D:2      | Bought a ring of see invisible for 210 gold pieces
 21131 | Spider:3 | Noticed an emperor scorpion
 21351 | Spider:3 | Offered knowledge of Conjure Ball Lightning by Vehumet.
 21632 | Spider:2 | Learned a level 5 spell: Irradiate
 21643 | Spider:3 | Noticed an emperor scorpion
 21658 | Spider:3 | Killed an emperor scorpion
 21954 | Spider:3 | Killed an emperor scorpion
 22608 | Spider:4 | Entered Level 4 of the Spider Nest
 22608 | Spider:4 | Noticed Mara
 22661 | Spider:4 | Noticed Esekla's illusion
 22787 | Spider:4 | Killed Mara
 22788 | Spider:4 | Reached skill level 19 in Spellcasting
 23280 | Spider:4 | Noticed an emperor scorpion
 23299 | Spider:4 | Killed an emperor scorpion
 23394 | Spider:4 | Noticed an emperor scorpion
 23409 | Spider:4 | Noticed an emperor scorpion
 23409 | Spider:4 | Noticed an emperor scorpion
 23431 | Spider:4 | Killed an emperor scorpion
 23432 | Spider:4 | Reached XP level 16. HP: 70/96 MP: 26/41
 24109 | Spider:4 | Got a gossamer rune of Zot
 24367 | Shoals:1 | Entered Level 1 of the Shoals
 24416 | Shoals:1 | Offered knowledge of Iron Shot by Vehumet.
 25450 | Shoals:2 | Offered knowledge of Eringya's Noxious Bog by Vehumet.
 25451 | Shoals:2 | Reached skill level 20 in Spellcasting
 25699 | Shoals:2 | Found Biskeott's Firing Range.
 26162 | Shoals:3 | Noticed a kraken
 26182 | Shoals:3 | Killed a kraken
 26257 | Shoals:3 | Noticed Ilsuiw
 26263 | Shoals:3 | Reached XP level 17. HP: 59/101 MP: 41/43
 26267 | Shoals:3 | Killed Ilsuiw
 26388 | Shoals:3 | Reached ****** piety under Vehumet
 26435 | Shoals:3 | Found Zemonaik's Distillery.
 26451 | Shoals:3 | Bought a potion of heal wounds for 75 gold pieces
 26451 | Shoals:3 | Bought a potion of heal wounds for 75 gold pieces
 26451 | Shoals:3 | Bought 2 potions of heal wounds for 150 gold pieces
 27264 | Shoals:2 | Identified the +1 animal skin "Kougi" {rPois rF++ MP+9}
 27303 | Shoals:4 | Entered Level 4 of the Shoals
 27446 | Shoals:4 | Identified the +1 ring mail "Uronn" {rF+ Regen+ Int+3}
 27464 | Shoals:4 | Reached skill level 10 in Fighting
 27593 | Shoals:4 | Offered knowledge of Orb of Destruction by Vehumet.
 27947 | Shoals:4 | Identified the ring "Pileq" {Ice Str+4 Dex+3 Slay+2}
 27981 | Shoals:4 | Reached skill level 21 in Spellcasting
 28027 | Shoals:4 | Learned a level 7 spell: Orb of Destruction
 28081 | Shoals:4 | Got a barnacled rune of Zot
 28085 | Shoals:4 | Got Cuuv Rytt's Atlas of Hot Beguiling
 28362 | Shoals:4 | Noticed a kraken
 28371 | Shoals:4 | Killed a kraken
 29237 | D:13     | Found a gate to the Vaults.
 29709 | D:13     | Reached XP level 18. HP: 108/108 MP: 40/45
 30128 | Vaults:1 | Entered Level 1 of the Vaults
 30290 | Vaults:1 | Identified the +9 arbalest of Xom's Indignation {penet,
                  | Dex+4 Stlth+}
 30499 | Vaults:1 | Found Emogyl Osee's Armour Boutique.
 30912 | Vaults:1 | Reached skill level 22 in Spellcasting
 31423 | Vaults:2 | Paralysed by a vampire knight for 4 turns
 31435 | Vaults:2 | Found a staircase to the Crypt.
 31491 | Vaults:2 | Found a flickering gateway to a bazaar.
 31519 | Bazaar   | Entered a bazaar
 31537 | Bazaar   | Found Huts's Armour Emporium.
 31537 | Bazaar   | Found Fuoqy's Distillery.
 31541 | Bazaar   | Bought a +1 cloak of stealth for 181 gold pieces
 31552 | Bazaar   | Bought a potion of curing for 21 gold pieces
 31552 | Bazaar   | Bought a potion of haste for 70 gold pieces
 31552 | Bazaar   | Bought a potion of mutation for 56 gold pieces
 31563 | Bazaar   | Found Luehida's Magic Scroll Shoppe.
 31567 | Bazaar   | Bought a scroll of blinking for 82 gold pieces
 31584 | Bazaar   | Found Subykus's Antique Weapon Emporium.
 31584 | Bazaar   | Found Zefiutze's Weapon Shoppe.
 31588 | Bazaar   | Bought the +8 Vampire's Tooth {megavamp} for 540 gold
                  | pieces
 31588 | Bazaar   | Found the +8 Vampire's Tooth {megavamp}
 31594 | Bazaar   | Bought a glowing long sword for 175 gold pieces
 31605 | Bazaar   | Found Gopir's Armour Shoppe.
 31609 | Bazaar   | Bought the +0 mask of the Dragon {Will+ Slay+3 SInv} for
                  | 367 gold pieces
 31609 | Bazaar   | Found the +0 mask of the Dragon {Will+ Slay+3 SInv}
 32535 | Vaults:2 | Reached XP level 19. HP: 111/116 MP: 42/47
 32564 | Vaults:2 | Reached skill level 23 in Spellcasting
 32880 | Vaults:3 | Reached skill level 10 in Earth Magic
 32962 | Vaults:3 | Offered knowledge of Fire Storm by Vehumet.
 32962 | Vaults:3 | Offered knowledge of Shatter by Vehumet.
 32962 | Vaults:3 | Offered knowledge of Polar Vortex by Vehumet.
 33205 | Vaults:2 | Learned a level 4 spell: Dispel Undead
 33790 | Vaults:3 | Noticed Mennas
 33808 | Vaults:3 | Killed Mennas
 33899 | Vaults:3 | Reached skill level 24 in Spellcasting
 34376 | Vaults:4 | Reached skill level 5 in Translocations
 34511 | Vaults:4 | Reached skill level 5 in Long Blades
 34576 | Vaults:4 | Found a huge runed gate.
 34576 | Vaults:4 | Found a huge runed gate.
 34576 | Vaults:4 | Found a huge runed gate.
 34576 | Vaults:4 | Found a huge runed gate.
 34576 | Vaults:4 | Found a huge runed gate.
 34576 | Vaults:4 | Found a huge runed gate.
 34577 | Vaults:4 | Found a huge runed gate.
 34577 | Vaults:4 | Found a huge runed gate.
 34577 | Vaults:4 | Found a huge runed gate.
 34579 | Vaults:4 | Found a huge runed gate.
 34579 | Vaults:4 | Found a huge runed gate.
 34579 | Vaults:4 | Found a huge runed gate.
 34579 | Vaults:4 | Found a huge runed gate.
 34579 | Vaults:4 | Found a huge runed gate.
 34580 | Vaults:4 | Found a huge runed gate.
 34582 | Vaults:4 | Found a huge runed gate.
 34645 | Vaults:4 | Found a huge runed gate.
 34660 | Vaults:4 | Found a huge runed gate.
 34679 | Vaults:4 | Found a huge runed gate.
 34679 | Vaults:4 | Found a huge runed gate.
 34679 | Vaults:4 | Found a huge runed gate.
 34679 | Vaults:4 | Found a huge runed gate.
 34679 | Vaults:4 | Found a huge runed gate.
 34679 | Vaults:4 | Found a huge runed gate.
 34679 | Vaults:4 | Found a huge runed gate.
 34680 | Vaults:4 | Found a huge runed gate.
 34681 | Vaults:4 | Found a huge runed gate.
 34692 | Vaults:4 | Found a huge runed gate.
 34692 | Vaults:4 | Found a huge runed gate.
 34692 | Vaults:4 | Found a huge runed gate.
 34692 | Vaults:4 | Found a huge runed gate.
 34692 | Vaults:4 | Found a huge runed gate.
 34694 | Vaults:4 | Found a huge runed gate.
 34695 | Vaults:4 | Found a huge runed gate.
 34696 | Vaults:4 | Found a huge runed gate.
 35754 | Vaults:4 | Reached XP level 20. HP: 111/121 MP: 44/50
 36037 | Vaults:4 | Found Gint's Magic Scroll Shop.
 36042 | Vaults:4 | Reached skill level 25 in Spellcasting
 36263 | Vaults:3 | Learned a level 8 spell: Maxwell's Capacitive Coupling
 36397 | Vaults:4 | Noticed a golden dragon
 36458 | Vaults:4 | Killed a golden dragon
 36833 | Vaults:4 | Got the Octavo of Execration and Ceraunoscopy
 38491 | Crypt:1  | Entered Level 1 of the Crypt
 38763 | Crypt:1  | Reached skill level 26 in Spellcasting
 38884 | Crypt:1  | Reached skill level 15 in Dodging
 39133 | Crypt:1  | Reached skill level 1 in Throwing
 40162 | Crypt:2  | Found a runed translucent gate.
 40162 | Crypt:2  | Found a runed translucent gate.
 40162 | Crypt:2  | Found a runed translucent gate.
 40166 | Crypt:2  | Noticed Ulecsuczon's ghost (veteran MiGl)
 40166 | Crypt:2  | Noticed Nexecaru's ghost (veteran MiGl)
 40167 | Crypt:2  | Noticed Hynnuzim's ghost (veteran CeHu)
 40323 | Crypt:3  | Entered Level 3 of the Crypt
 40338 | Crypt:3  | Identified the +5 mace of Fedhas's Displeasure {flame,
                  | rElec rC+ Int+3}
 40398 | Crypt:3  | Reached XP level 21. HP: 35/127 MP: 38/53
 40505 | Crypt:3  | Noticed a curse toe
 40547 | Crypt:3  | Killed a curse toe
 40787 | Crypt:3  | HP: 6/127 [ancient champion/iron shot (45)]
 40880 | Crypt:3  | Found a staircase to the Tomb.
 41414 | Crypt:3  | Paralysed by a vampire knight for 5 turns
 41416 | Crypt:3  | HP: 3/127 [phantasmal warrior[a vampire knight] (17)]
 41417 | Crypt:3  | Mangled by a vampire knight

Illustrated notes

Levels and vault maps discovered:
D:1:      sevenhm_arrival_forest_fort_small_3, layout_rooms,
          chequers_serial_rivers_room_b, minmay_misc_feat_five
D:2:      layout_loops_ring, dreamdust_ecumenical_altar_angels_and_demons,
          serial_shops, shop
D:3:      layout_basic, grunt_temple_overflow_open, minmay_misc_feat_iff
D:4:      layout_basic, nicolae_overflow_quartered_altars, serial_shops,
          nicolae_diamond_shop
D:5:      layout_loops_ring, lemuel_doored_altar, minmay_misc_feat_rows,
          dreamdust_wishing_well
D:6:      layout_loops_cross, fedhas_altar_fruit_tree,
          minmay_temple_entry_glass, uniq_pikel, uniq_blork_the_orc
D:7:      layout_basic, uniq_menkaure, uniq_joseph, uniq_crazy_yiuf_cottage
D:8:      layout_basic, nicolae_uskayaw_dance_hall, serial_demonic,
          serial_demonic_d, serial_demonic_a, serial_demonic_c,
          serial_demonic_c, nicolae_diode_quadrants
D:9:      layout_irregular_city, kennysheep_little_box, enter_bailey_4,
          minmay_between, uniq_harold
D:10:     layout_basic, nicolae_ru_awakened_eye
D:11:     layout_rooms, hellmonk_lair_entry_icy, serial_ice, serial_ice_j,
          serial_ice_m, serial_ice_o, serial_ice_c, serial_ice_g, serial_ice_f,
          guppyfry_shop_earth, uniq_psyche, uniq_lodul
D:12:     layout_roguey, nicolae_trove_entry_crossroad
D:13:     layout_loops_ring, lightli_vaults_fourway_checkpoint
D:14:     nzn_winding_woodlands_large [nzn_winding_woodlands_5x5_checkerboard,
          nzn_winding_woodlands_5x15_longhouse,
          nzn_winding_woodlands_5x5_default,
          nzn_winding_woodlands_center_garden,
          nzn_winding_woodlands_15x15_five_gardens,
          nzn_winding_woodlands_center_lodge, nzn_winding_woodlands_5x5_default,
          nzn_winding_woodlands_5x15_crooked, nzn_winding_woodlands_5x5_three],
          layout_loops_corners
Lair:1:   layout_small_grid
Lair:2:   gammafunk_boulding_lane, layout_small_grid, elwin_shoals_entry_rooms
Lair:3:   kb_forest_paths, layout_chaotic_city, spider_nest_entry_rubble
Lair:4:   layout_hall_layers, grunt_megastairs_3, lemuel_fruit_fields,
          uniq_rupert
Lair:5:   guppyfry_lair_end_dragon, layout_misc_corridors, wormcave,
          dpeg_slime_entry_enclosed
Shoals:1: layout_shoals, nicolae_shoals_nautilus_by_nature
Shoals:2: argonaut_golden_fleece, layout_shoals, nicolae_shop_firing_range
Shoals:3: layout_shoals, serial_shops, shop, nicolae_shoals_lost_giant_hut,
          uniq_ilsuiw
Shoals:4: shoals_end_hellmonk_lost_city, serial_shops
Spider:1: layout_spider_delve, nicolae_spider_some_kinda_spiderbox
Spider:2: layout_spider_delve, nicolae_spider_twisty_arc_passages
Spider:3: layout_chambers, nicolae_orb_stairs
Spider:4: grunt_spider_rune_circles, guppyfry_hornet_nest, uniq_mara
Orc:1:    layout_caves
Orc:2:    pf_orc_diabolical, layout_diamond_mine, uniq_azrael
Vaults:1: vaults_dpeg_emergency_exit, nicolae_vaults_ellipses_ellipsis,
          nicolae_vaults_variable_pillar_hall, v_misc_22, v_misc_33,
          nicolae_vaults_closet_pinwheel_3, v_alt_pattern_4, v_alt_pattern_4,
          nicolae_vaults_tetromino_Z_2, nicolae_vaults_taking_the_gang_shopping,
          nicolae_vaults_spaceships, v_misc_33, nicolae_vaults_shelves_hall,
          nicolae_vaults_trapezoid_lopsided_1, nicolae_vaults_little_ls,
          layout_vaults_ring
Vaults:2: ontoclasm_vaults_bender, nicolae_vaults_storage_closets_1, v_misc_9,
          vaults_room_pools, nicolae_vaults_more_shelving_2, v_misc_14,
          vaults_standard_mumra_lines, hangedman_vaults_stream,
          nicolae_vaults_windows_and_doors_thing,
          minmay_crypt_entry_simple_corners, nicolae_vaults_stand_back,
          vaults_dpeg_diagonal, nicolae_vaults_little_squares_5,
          layout_vaults_omnibox, serial_shops, bzr_entry_gold
Vaults:3: nicolae_vaults_three_branches, v_misc_15, vaults_standard_mumra_x,
          v_misc_13, ontoclasm_vaults_loading_screen, nicolae_vaults_tangram_1,
          nicolae_vaults_display_case, vaults_room_ringed_pool,
          nicolae_vaults_octothorpe, vaults_mumra_minichess,
          nicolae_vaults_variable_pillar_hall, v_alt_pattern_6,
          nicolae_vaults_tetromino_L_1, nicolae_vaults_trapezoid_3,
          layout_vaults_big_room, uniq_mennas
Vaults:4: nicolae_vaults_network_periphery, nicolae_vaults_angled_halls,
          ontoclasm_vaults_twist, door_vault, nicolae_vaults_more_shelving_1,
          nicolae_vaults_yaktaur_gun_rack, hangedman_vaults_slither, v_rooms_1,
          ontoclasm_vaults_claustrophobia, nicolae_vaults_trapezoid_lopsided_1,
          grunt_vaults_focal, hangedman_vaults_slice, layout_vaults_omnicross,
          serial_shops, shop
Crypt:1:  layout_rooms, grunt_ministairs_11, st_small_mortuary
Crypt:2:  layout_chaotic_city, gammafunk_ghost_cemetery
Crypt:3:  david_glass_crypt, layout_misc_corridors, tomb_entry_simple_bobbens,
          glass_columns_a

Skill      XL: |  1  2  3  4  5  6  7  8  9 10 11 12 13 14 15 16 17 18 19 20 21 |
---------------+----------------------------------------------------------------+-----
Spellcasting   | 5 6 7 8 9 11 13 14 15 16 18 19 20 21 22 24 26 | 26.7
Dodging        | 1 2 3 4 5 6 7 8 9 10 11 12 13 14 15 | 15.5
Necromancy     | 1 2 3 4 5 6 7 8 9 10 11 12 13 | 13.3
Short Blades   | 1 2 4 5 6 7 8 9 |  9.2
Poison Magic   | 2 3 4 5 6 7 8 |  8.3
Fire Magic     | 1 3 4 5 6 7 8 |  8.7
Air Magic      | 1 2 4 5 6 7 9 |  9.2
Transmutations | 1 2 4 5 6 7 8 |  8.8
Translocations | 3 4 5 |  5.1
Shields        | 2 3 4 |  4.7
Stealth        | 2 3 4 |  4.4
Hexes          | 1 2 3 |  3.2
Long Blades    | 1 2 3 4 5 6 |  6.0
Conjurations   | 2 5 6 7 8 9 |  9.7
Fighting       | 1 4 5 7 9 10 11 12 | 12.0
Armour         | 1 3 4 5 6 7 8 |  8.1
Ice Magic      | 2 4 5 6 7 8 |  8.0
Earth Magic    | 2 4 5 7 8 9 10 11 12 | 12.0
Throwing       | 1 |  1.1
Invocations    | |  1.0
Evocations     | |  0.1

Action                     |  1- 3 |  4- 6 |  7- 9 | 10-12 | 13-15 | 16-18 | 19-21 || total
---------------------------+-------+-------+-------+-------+-------+-------+-------++-------
  Melee: Short sword       |    49 |    62 |    19 |       |       |       |       ||   130
         Rapier            |       |    27 |    51 |     6 |    23 |     1 |       ||   108
         Scimitar          |       |       |    76 |   113 |   139 |   231 |   230 ||   789
         Long sword        |       |       |       |       |       |    27 |    99 ||   126
         Quick blade       |       |       |       |       |       |     8 |     4 ||    12
  Throw: Dart              |       |    10 |       |       |       |       |       ||    10
         Boomerang         |       |       |       |       |     4 |    14 |    22 ||    40
   Cast: Apportation       |    26 |    26 |    21 |    25 |    55 |    52 |    30 ||   235
         Magic Dart        |    47 |    30 |     5 |     2 |     7 |       |       ||    91
         Blink             |     1 |     3 |     2 |     6 |    27 |    11 |     4 ||    54
         Vampiric Draining |       |    25 |    62 |    66 |    35 |    75 |    29 ||   292
         Poisonous Vapours |       |     1 |    67 |   134 |   203 |   201 |   122 ||   728
         Ignite Poison     |       |       |    22 |    76 |   166 |   174 |   127 ||   565
         Teleport Other    |       |       |     4 |       |       |       |       ||     4
         Dazzling Flash    |       |       |     1 |     1 |     1 |       |       ||     3
         Flame Wave        |       |       |       |    13 |       |       |       ||    13
         Olgreb's Toxic Ra |       |       |       |    12 |    51 |    60 |    42 ||   165
         Freezing Cloud    |       |       |       |     7 |    38 |    18 |     8 ||    71
         Wereblood         |       |       |       |     4 |    33 |    31 |    40 ||   108
         Mephitic Cloud    |       |       |       |     2 |    11 |    12 |    33 ||    58
         Fulminant Prism   |       |       |       |     1 |     1 |       |       ||     2
         Sticky Flame      |       |       |       |       |    28 |    72 |   104 ||   204
         Fireball          |       |       |       |       |     2 |     6 |       ||     8
         Lee's Rapid Decon |       |       |       |       |    27 |    10 |     7 ||    44
         Irradiate         |       |       |       |       |     7 |    14 |    11 ||    32
         Orb of Destructio |       |       |       |       |       |     1 |    15 ||    16
         Dispel Undead     |       |       |       |       |       |       |   102 ||   102
  Evoke: Wand              |     1 |       |    14 |     4 |       |     8 |       ||    27
         Lightning rod     |       |       |       |       |       |       |     1 ||     1
    Use: Scroll            |     1 |       |    11 |     9 |    19 |     8 |     9 ||    57
         Potion            |       |       |     2 |     2 |     5 |     7 |     8 ||    24
   Stab: Sleeping          |     1 |       |     2 |     3 |     5 |     5 |     5 ||    21
         Distracted        |       |       |     1 |       |       |       |     1 ||     2
         Confused          |       |       |       |       |       |     2 |     1 ||     3
 Armour: Robe              |    24 |    19 |    88 |    29 |       |       |       ||   160
         Steam dragon scal |       |       |       |    34 |       |       |       ||    34
         Troll leather arm |       |       |       |    21 |   198 |   169 |       ||   388
         Skin              |       |       |       |     9 |       |       |       ||     9
         Ring mail         |       |       |       |       |       |   161 |   385 ||   546
  Dodge: Dodged            |    29 |    65 |   189 |   171 |   270 |   405 |   376 ||  1505
  Block: Buckler           |    12 |    21 |    53 |    59 |    81 |   259 |   143 ||   628
         Reflection        |       |       |       |       |       |    27 |       ||    27
